ProzacElf, chaotic female human Barbarian ..................................}}........................................ ...................................}}....................................... ...................................}}..................)......^............. ....................................}}.................).................... --------------.. -----....}}}.............)......)).............. | | |...}}}..................).................. -.... | |....};@...........%........................ ........-... -----....O...................................... |...............}1..................................... | -----.......}}}..d................................. |......}}}}}.............)..................... |.......}}}......@............................. -........}}.................................... |.............}}................................... |....@.........}}................@................. |.............1}}}................................. -............}}..}}................................ ..............}}...}}................................ .................}}...}}................................. ......................}}....}}........@....................... ProzacElf the Brigand Experience level: 10 Strength: 18/03 Dexterity: 17 Constitution: 20 Intelligence: 8 Wisdom: 13 Charisma: 7 Health: 99(115) Energy: 33(33) Def: 12 Gold: 127 Moves: 21703 Dungeon seed: HYy628nzPA8siTrd Game ID: ProzacElf_1449389545 Your Inventory: Coins $ - 127 gold pieces Amulets A - an uncursed amulet of unchanging (being worn) Weapons a - a rusty corroded +0 battle-axe (weapon in hands) W - a +0 axe (alternate weapon; not wielded) X - 4 +0 daggers (in quiver) Armor j - a blessed rustproof +1 helm of brilliance (being worn) r - a blessed +2 pair of elven boots (being worn) v - an uncursed +0 elven mithril-coat (being worn) y - an uncursed +0 pair of leather gloves (being worn) z - an uncursed fireproof +0 cloak of magic resistance (being worn) Rings b - an uncursed -1 ring of gain constitution C - a cursed -1 ring of increase damage K - an uncursed ring of teleport control N - an uncursed ring of warning (on left hand) Q - an uncursed +2 ring of gain constitution (on right hand) V - an uncursed ring of slow digestion Wands p - a wand of teleportation (0:6) F - a wand of striking (0:2) I - a wand of digging (0:3) J - a wand of speed monster (0:3) Tools c - a blessed bag of holding d - an uncursed skeleton key h - a +0 unicorn horn i - an uncursed magic whistle o - an uncursed towel s - an uncursed leash Z - a magic marker (0:19) Gems q - an uncursed luckstone Contents of the bag of holding: 8450 gold pieces 2 uncursed apples 2 uncursed cloves of garlic 10 uncursed food rations 4 uncursed lizard corpses a blessed +1 ring of gain strength an uncursed ring of levitation a cursed ring of teleportation a wand of light (0:15) a wand of light (0:13) a wand of magic missile (0:1) a wand of probing (0:5) a wand of slow monster (0:3) a wand of striking (0:7) a wand of striking (0:3) an uncursed brass lantern (0:1487) an uncursed oilskin sack a tinning kit (0:54) 2 uncursed amethyst stones 2 uncursed diamonds an uncursed dilithium crystal 3 uncursed emeralds an uncursed jacinth stone an uncursed jade stone 3 uncursed rubies Contents of the oilskin sack: 4 blessed scrolls of blank paper an uncursed scroll of blank paper 3 cursed scrolls of blank paper an uncursed scroll of charging an uncursed scroll of confuse monster 3 uncursed scrolls of earth a cursed scroll of enchant weapon a blessed scroll of fire an uncursed scroll of fire an uncursed scroll of food detection an uncursed scroll of magic mapping an uncursed scroll of remove curse an uncursed scroll of scare monster 2 uncursed scrolls of teleportation an uncursed spellbook of invisibility an uncursed spellbook of jumping an uncursed diluted potion of paralysis a blessed potion of booze an uncursed potion of booze a blessed potion of confusion 2 uncursed potions of confusion an uncursed potion of fruit juice an uncursed potion of gain ability 2 potions of holy water an uncursed potion of invisibility 2 uncursed potions of levitation an uncursed potion of object detection 2 cursed potions of object detection an uncursed potion of restore ability a cursed potion of sleeping 3 potions of unholy water 2 uncursed potions of water Spells and supernatural/magical abilities: Name Level Category Fail Memory W - pray for help -- divine ? -- Your skills at the end: Fighting Skills bare handed combat [Basic] Weapon Skills dagger [Basic] axe [Expert] short sword [Basic] Spellcasting Skills Final Attributes: You were piously aligned. You were cold resistant. You were poison resistant. You were magic-protected. You were confused. You were telepathic. You were warned. You were stealthy. You aggravated monsters. You were held by a giant eel. You could not change from your current form. You were fast. You were extremely lucky. You had extra luck. Bad luck did not time out for you. Good luck did not time out for you. You are dead. Vanquished creatures: a ghost 4 giant mimics 2 large mimics a wumpus a stalker a winter wolf an ogre lord a troll a sasquatch a wood golem 2 gelatinous cubes a flaming sphere a large cat a gargoyle 3 tengu 3 ochre jellies a leocrotta an ettin zombie a leather golem a succubus a chameleon a crocodile 3 giant beetles 5 wolves 2 winter wolf cubs 3 lynxes 2 panthers a spotted jelly 15 leprechauns an iron piercer 6 giant spiders 2 scorpions a horse an ice vortex a black light a vampire bat 5 gnome kings 3 orc mummies 10 ogres a brown pudding an owlbear 3 yetis a werewolf 5 lizards 2 chickatrices 2 dogs a dingo 2 housecats 3 jaguars 2 dwarf lords 2 blue jellies 2 gray unicorns a dust vortex 3 ravens 4 plains centaurs a gnome mummy 2 snakes 4 apes 10 human zombies 3 rope golems 7 soldier ants 2 wood nymphs 3 water nymphs 4 mountain nymphs 2 Uruk-hai 2 orc shamans 6 rock piercers 3 rock moles 4 ponies a fog cloud 5 yellow lights 4 shriekers a violet fungus 12 gnome lords 6 gnomish wizards a black naga hatchling a golden naga hatchling a guardian naga hatchling 5 gray oozes 3 elf zombies a straw golem 2 paper golems 4 baby crocodiles 8 giant ants 2 little dogs 5 floating eyes a kitten 18 dwarves a homunculus 3 kobold lords 5 hill orcs 9 rothes a rabid rat a centipede a giant bat 2 monkeys 2 orc zombies a wererat 2 werejackals 5 iguanas 4 killer bees 3 acid blobs 6 coyotes 3 gas spores 10 hobbits 13 manes 2 large kobolds a hobgoblin 2 giant rats 5 cave spiders 5 brown molds 5 yellow molds 2 green molds 2 red molds 56 gnomes 32 garter snakes 3 gnome zombies 6 geckos 24 jackals 7 foxes 8 kobolds 8 goblins 19 sewer rats 25 grid bugs 4 bats 17 lichens 9 kobold zombies 13 newts 589 creatures vanquished. Genocided species: liches demiliches master liches arch-liches 4 species genocided. Voluntary challenges: You had been an atheist until turn 4458. You used a wielded weapon 781 times, starting on turn 4. You read items or engraved 25 times, starting on turn 709. You genocided 4 types of monsters, starting on turn 16685. You never polymorphed an object. You changed form 1 time, starting on turn 6077. You used no wishes. You never split a pudding. You wrote Elbereth's name 1 time, starting on turn 12463. You never violated your personal moral code. Dungeon overview: The Dungeons of Doom: levels 1 to 13 Level 1 a long staircase Level 2 a general store, a sink Level 3 a general store, a fountain, a sink stairs to The Gnomish Mines Level 4 a fountain Level 5 many fountains Level 6 a fountain stairs to Sokoban Level 7 Level 8 Level 9 Level 10 a fountain Level 11 an altar to Set portal to The Quest Level 12 Level 13 a fountain The Gnomish Mines: levels 4 to 11 Level 4 stairs to The Dungeons of Doom Level 5 Level 6 many shops, a temple to Set, some fountains Level 7 Level 8 Level 9 Level 10 Level 11 a fountain The Quest: Level 1 <- You were here portal to The Dungeons of Doom Sokoban: levels 2 to 5 Level 2 Level 3 Level 4 Level 5 stairs to The Dungeons of Doom History has recorded: On T:1 you entered the Dungeons of Doom to retrieve the Amulet of Yendor! On T:860 you advanced to experience level 2. On T:944 you advanced to experience level 3. On T:1121 you reached level 2 of The Dungeons of Doom. On T:2404 you advanced to experience level 4. On T:2481 you reached level 3 of The Dungeons of Doom. On T:3219 you reached level 1 of The Gnomish Mines. On T:3295 you advanced to experience level 5. On T:3826 you reached level 2 of The Gnomish Mines. On T:3836 you advanced to experience level 6. On T:4355 you reached level 3 of The Gnomish Mines. On T:5353 you reached level 4 of The Gnomish Mines. On T:5400 you advanced to experience level 7. On T:5718 you reached level 5 of The Gnomish Mines. On T:7981 you advanced to experience level 8. On T:8359 you reached level 4 of The Dungeons of Doom. On T:9164 you reached level 5 of The Dungeons of Doom. On T:9205 you reached level 6 of The Dungeons of Doom. On T:9761 you reached level 4 of Sokoban. On T:10201 you reached level 3 of Sokoban. On T:10913 you reached level 2 of Sokoban. On T:11396 you reached level 1 of Sokoban. On T:12718 you advanced to experience level 9. On T:13655 you reached level 6 of The Gnomish Mines. On T:14051 you reached level 7 of The Gnomish Mines. On T:14414 you reached level 8 of The Gnomish Mines. On T:16813 you received advice from The Oracle. On T:16826 you advanced to experience level 10. On T:16935 you reached level 7 of The Dungeons of Doom. On T:17388 you reached level 8 of The Dungeons of Doom. On T:17868 you reached level 9 of The Dungeons of Doom. On T:18460 you reached level 10 of The Dungeons of Doom. On T:19337 you reached level 11 of The Dungeons of Doom. On T:20677 you reached level 12 of The Dungeons of Doom. On T:20752 you reached level 13 of The Dungeons of Doom. On T:21322 you reached level 1 of The Quest. Score breakdown: Gold: 8577 (13380 points) Experience: 10 levels (16712 points) Exploration: 13 levels ( 26.00%) (14846 points) Discoveries: 66 items ( 26.94%) (15570 points) Valuables value: (no points given unless you survive) Artifact value: 0 ( 0 points) Variety of kills: 128 monsters ( 33.60%) (17388 points) Turncount: 21703 turns (-3523 points) Survival: died (score multiplied by 80%) Total score: 59498 Latest messages: Mr. Snuffles drops a club. You stop searching. Mr. Snuffles picks up a club. You put 3 uncursed gems called emerald into the bag of holding. You put 2 uncursed gems called diamond into the bag of holding. Your movements are now unencumbered. You cannot escape from the giant eel! The giant eel misses. The giant eel drowns you... Final status: Goodbye ProzacElf the Barbarian, drowned in a pool of water by a giant eel... You drowned in The Quest on dungeon level 1 with 59498 points, and 8577 pieces of gold, after 21703 moves. You were level 10 with a maximum of 115 hit points when you drowned.